 Dungeon Crawl Stone Soup version 0.25-a0-479-g8579842fd4 (webtiles) character file.

Game seed: 5281631434316874994, levelgen mode: deterministic

33 Kohma the Conjurer (level 3, -6/26 HPs)
             Began as a Draconian Conjurer on Feb 9, 2020.
             Killed by nerve-wracking pain
             ... invoked by Grinder
              (13 damage)
             ... on level 3 of the Dungeon.
             The game lasted 00:03:34 (2055 turns).

Kohma the Conjurer (Draconian Conjurer)             Turns: 2055, Time: 00:03:34

Health: -6/26      AC:  5    Str: 10    XL:     3   Next: 12%
Magic:  3/6        EV: 12    Int: 16    God:
Gold:   89         SH:  0    Dex: 11    Spells: 4/7 levels left

rFire    . . .     SeeInvis .   (no weapon)
rCold    . . .     Gourm    .   (no shield)
rNeg     . . .     Faith    .   (armour unavailable)
rPois    .         Spirit   .   (helmet restricted)
rElec    .         Reflect  .   (no cloak)
rCorr    .         Harm     .   (no gloves)
MR       .....                  (no boots)
Stlth    ++........             (no amulet)
HPRegen  0.08/turn              (no ring)
MPRegen  0.10/turn              (no ring)

@: no status effects
A: unfitting armour, cold-blooded, AC +5
a: no special abilities


You were on level 3 of the Dungeon.
You were not hungry.

You visited 1 branch of the dungeon, and saw 3 of its levels.

You collected 89 gold pieces.

Inventory:

Hand Weapons
 f - a +0 hunting sling
Jewellery
 c - a cursed -3 ring of protection {unknown}
 h - an uncursed ring of fire {unknown}
 o - a +1 ring of evasion {unknown}
Scrolls
 a - a scroll of fear {unknown}
 e - 2 scrolls of teleportation {unknown}
 g - 2 scrolls of enchant armour {unknown}
 i - 2 scrolls of immolation {unknown}
 j - a scroll of fog {unknown}
 m - a scroll of identify {unknown}
 n - a scroll of noise {unknown}
 p - a scroll of amnesia {unknown}
 r - a scroll of remove curse {unknown}
Potions
 d - 2 potions of might {unknown}
 l - a potion of haste {unknown}
 q - a potion of curing {unknown}
Comestibles
 b - 5 rations
 k - a chunk of flesh


   Skills:
 - Level 1.7 Dodging
 - Level 1.7 Stealth
 + Level 2.5 Spellcasting
 * Level 4.7 Conjurations


You had 4 spell levels left.
You knew the following spells:

 Your Spells              Type           Power        Failure   Level  Hunger
a - Magic Dart            Conj           ###.         2%          1    #......
b - Searing Ray           Conj           ###...       4%          2    ##.....

Your spell library contained the following spells:

 Spells                   Type           Power        Failure   Level  Hunger
 Dazzling Flash           Conj/Hex       #.....       22%         3    ###....
 Fulminant Prism          Conj/Hex       #.........   58%         4    #####..
 Iskenderun's Mystic Bla  Conj/Tloc      #.......     58%         4    #####..


Dungeon Overview and Level Annotations

Branches:
Dungeon (3/15)

Altars:
Trog

Annotations:
D:3 Grinder


Innate Abilities, Weirdness & Mutations

Your plain brown scales are hard. (AC +5)
You cannot fit into any form of body armour.
You are cold-blooded and may be slowed by cold attacks.


Message History

Grinder gestures at you. You resist with significant effort. Grinder hits you.
* * * LOW HITPOINT WARNING * * *
You writhe in agony.
* * * LOW HITPOINT WARNING * * *
Grinder hits you but does no damage.
You can move again.
You aren't carrying any items that you can evoke.
There is a stone staircase leading down here.
Grinder says, "FISH!"
Grinder says, "There's only one good use for a tongue: cutting it out."
Grinder blinks!
You barely miss Grinder.
You tail-slap Grinder, but do no damage.
Grinder is heavily wounded.
Grinder gestures at you. Pain shoots through your body!
Ouch! That really hurt!
You die...

######...# .........#
..###....# ..#.#.#.##
..+)#.#.# ..#.#.#.#
....#.#.# ....#.#.#
########### ....#.#.#
#.....@5..# ..<...#.#
#.#######.####
###.###.###.# #.......#
..........#.# #.......#
........#.#.# #.......#
........#.#.####.......#
.(........#.>..........#
###......#######....(..#
..............##.......#


You could see Grinder.

Vanquished Creatures
  An adder (D:3)
  A dart slug (D:2)
  A leopard gecko (D:3)
  5 goblins
  3 hobgoblins
  A ball python (D:3)
  2 bats
  4 frilled lizards
  5 rats
23 creatures vanquished.

Notes
Turn   | Place    | Note
-------+----------+-------------------------------------------
     0 | D:1      | Kohma the Draconian Conjurer began the quest for the Orb.
     0 | D:1      | Reached XP level 1. HP: 14/14 MP: 3/3
   356 | D:1      | Reached XP level 2. HP: 20/20 MP: 1/5
  1502 | D:2      | Found a bloodstained altar of Trog.
  1590 | D:2      | Learned a level 2 spell: Searing Ray
  1725 | D:3      | Reached XP level 3. HP: 26/26 MP: 3/6
  2009 | D:3      | Noticed Grinder
  2033 | D:3      | Paralysed by Grinder for 7 turns
  2055 | D:3      | Killed from afar by Grinder

Levels and vault maps discovered:
D:1:      dpeg_arrival_simpleton_c, layout_basic
D:2:      layout_basic, trog_book
D:3:      layout_basic, uniq_grinder

Action                   || total
-------------------------++-------
Melee: Unarmed           ||     6
       Tailslap          ||     2
 Cast: Magic Dart        ||    43
       Searing Ray       ||     4
  Eat: Chunk             ||     4
Armor: Skin              ||     2
Dodge: Dodged            ||    12

Table legend:
 A = Non-vault XP
 B = Vault XP
 C = Vault XP percentage of total XP
 D = Non-vault monster count
 E = Vault monster count
 F = Vault count percentage of total count
                 A         B        C        D         E       F
            +---------+---------+-------+---------+---------+-------
      Total |      48 |       0 |   0.0 |      23 |       0 |   0.0
            +---------+---------+-------+---------+---------+-------
        D:1 |      12 |       0 |   0.0 |       7 |       0 |   0.0
        D:2 |      12 |       0 |   0.0 |       8 |       0 |   0.0
        D:3 |      24 |       0 |   0.0 |       8 |       0 |   0.0
            +---------+---------+-------+---------+---------+-------
